 Dungeon Crawl Stone Soup version 0.23-a0-636-g0ff6057 (webtiles) character file.

47700 nikopol the Eclecticist (level 14, 0/71 HPs)
             Began as a Deep Elf Fire Elementalist on Dec 27, 2018.
             Was a High Priest of Vehumet.
             Slain by an orc (2 damage)
             ... led by an orc knight
             ... on level 9 of the Dungeon on Dec 28, 2018.
             The game lasted 01:32:58 (21263 turns).

nikopol the Eclecticist (DEFE)                     Turns: 21263, Time: 01:32:59

Health: 0/71       AC: 13    Str:  5    XL:     14   Next: 9%
Magic:  50/61      EV: 16    Int: 26    God:    Vehumet [*****.]
Gold:   675        SH:  5    Dex: 15    Spells: 21/47 levels left

rFire    . . .     SeeInvis .   X - staff of power
rCold    + . .     Gourm    .   u - +0 buckler
rNeg     . . .     Faith    .   t - +1 robe {rC+}
rPois    .         Spirit   .   k - +0 helmet
rElec    .         Reflect  .   F - +0 cloak
rCorr    .         Harm     .   h - +1 pair of gloves
MR       +....                  V - +0 pair of boots
Stlth    +++.......             U - amulet of regeneration
HPRegen  0.61/turn              e - +5 ring of protection
MPRegen  0.37/turn              n - ring of magical power

@: no status effects
A: no striking features
a: Renounce Religion


You were on level 9 of the Dungeon.
You worshipped Vehumet.
Vehumet was extremely pleased with you.
You were not hungry.

You visited 4 branches of the dungeon, and saw 18 of its levels.
You also visited: Bailey and Ice Cave.

You collected 915 gold pieces.
You spent 240 gold pieces at shops.

Inventory:

Armour
 h - a +1 pair of gloves (worn)
 k - a +0 helmet (worn)
 t - a +1 robe of cold resistance (worn)
 u - a +0 buckler (worn)
 y - the +10 plate armour of Supple Strength {rCorr Stlth+, unknown}
   (You found it in an ice cave)

   It provides partial protection from all sources of acid and corrosion.
   It makes you more stealthy.
 F - a +0 cloak (worn)
 V - a +0 pair of boots (worn)
Magical Staves
 a - an uncursed staff of summoning
 X - an uncursed staff of power (weapon)
Jewellery
 d - an uncursed ring of see invisible
 e - a +5 ring of protection (left hand)
 g - an uncursed ring of ice
 n - a ring of magical power (right hand)
 G - a +3 ring of evasion
 P - an uncursed amulet of the gourmand
 U - an amulet of regeneration (around neck)
 Z - an uncursed ring of positive energy
Wands
 b - a wand of disintegration (19)
 l - a wand of digging (27)
 q - a wand of polymorph (6)
 v - a wand of paralysis (13)
 x - a wand of flame (38)
 K - a wand of enslavement (10)
 M - a wand of scattershot (6)
 Q - a wand of iceblast (6)
Scrolls
 f - a scroll of amnesia
 r - 12 scrolls of teleportation
 w - a scroll of holy word {unknown}
 A - 15 scrolls of remove curse
 B - 3 scrolls of magic mapping
 C - 6 scrolls of enchant weapon {unknown}
 D - 6 scrolls of enchant armour {unknown}
 J - 2 scrolls of blinking {unknown}
 W - a scroll of fear
Potions
 i - a potion of cancellation {unknown}
 j - 3 potions of lignification
 m - 3 potions of flight {unknown}
 o - 2 potions of agility {unknown}
 p - a potion of ambrosia {unknown}
 s - 2 potions of berserk rage {unknown}
 z - 3 potions of curing
 E - 7 potions of might {unknown}
 H - 2 potions of mutation {unknown}
 I - 3 potions of haste {unknown}
 L - 2 potions of invisibility {unknown}
 N - 3 potions of heal wounds {unknown}
 O - a potion of experience {unknown}
Comestibles
 c - 43 rations
 R - 3 chunks of flesh


   Skills:
 + Level 1.9 Fighting
 + Level 6.9 Dodging
 + Level 5.1 Stealth
 + Level 4.9 Shields
 + Level 17.2 Spellcasting
 + Level 13.4 Conjurations
 + Level 2.2 Translocations
 + Level 14.0 Fire Magic
 + Level 3.0 Earth Magic


You had 21 spell levels left.
You knew the following spells:

 Your Spells              Type           Power        Failure   Level  Hunger
a - Flame Tongue          Conj/Fire      #####        0%          1    None
b - Throw Flame           Conj/Fire      ######       0%          2    None
c - Conjure Flame         Conj/Fire      #######.     0%          3    None
d - Sticky Flame          Conj/Fire      #######.     1%          4    None
e - Fireball              Conj/Fire      #######...   1%          5    None
f - Airstrike             Air            ###.......   6%          4    None
g - Blink                 Tloc           N/A          1%          2    None
h - Bolt of Magma         Conj/Fire/Erth ######....   1%          5    None

Your spell library contained the following spells:

 Spells                   Type           Power        Failure   Level  Hunger
 Conjure Ball Lightning   Conj/Air       ######....   6%          6    ###....
 Magic Dart               Conj           ####         0%          1    None
 Apportation              Tloc           ####..       1%          1    None
 Passwall                 Tmut/Erth      ####....     1%          2    None
 Inner Flame              Hex/Fire       ######..     1%          3    None
 Mephitic Cloud           Conj/Pois/Air  #####...     1%          3    None
 Animate Skeleton         Necr           N/A          2%          1    None
 Confusing Touch          Hex            ###...       2%          1    None
 Pain                     Necr           ###.         2%          1    None
 Summon Small Mammal      Summ           ###.         2%          1    None
 Call Imp                 Summ           ###.....     3%          2    None
 Slow                     Hex            ###.....     3%          2    None
 Swiftness                Chrm/Air       ###.....     3%          2    None
 Lee's Rapid Deconstruct  Erth           #####.....   5%          5    None
 Regeneration             Chrm/Necr      ###.......   7%          3    None
 Vampiric Draining        Necr           ###.......   7%          3    None
 Passage of Golubria      Tloc           N/A          9%          4    None
 Animate Dead             Necr           N/A          22%         4    None
 Summon Lightning Spire   Summ/Air       ###.....     22%         4    None
 Silence                  Hex/Air        ###.......   52%         5    None
 Darkness                 Hex            ###.......   98%         6    ###....
 Deflect Missiles         Chrm/Air       ###.......   98%         6    ###....
 Invisibility             Hex            ###.....     98%         6    ###....
 Tornado                  Air            ###.......   100%        9    #######


Dungeon Overview and Level Annotations

Branches:
Dungeon (10/15)            Temple (1/1) D:5            Lair (6/6) D:10
 Shoals (0/4) Lair:4        Snake (0/4) Lair:2        Slime (0/5) Lair:6
    Orc (1/2) D:9

Altars:
Ashenzari
Cheibriados
Fedhas
Gozag
Hepliaklqana
Kikubaaqudgha
Makhleb
Nemelex Xobeh
Okawaru
Qazlal
Ru
Sif Muna
Trog
Uskayaw
Vehumet
Xom
Yredelemnul
The Shining One

Shops:
D:6 :   D:8 *

Portals:
Hell: Lair:6

Annotations:
D:9 exclusion: oklob plant
Lair:3 1 runed door, Kufareon's ghost, journeyman OpFi


Message History

Press: ? - help, Shift-Dir - straight line The flame tongue hits the troll.
The troll appears unharmed.
The troll is almost dead.
The troll burns!
The troll bites you! The troll misses you. The troll claws you!
* * * LOW HITPOINT WARNING * * *
Casting: Flame Tongue (safe; 0% risk of failure)
Confirm with . or Enter, or press ? or * to list all spells.
You blink.
You are engulfed in blazing flames.
* * * LOW HITPOINT WARNING * * *
The troll burns!
The orc misses you. You block the troll's attack. x2
The troll misses you.
Some of the chunks of flesh in your inventory have rotted away.
Casting: Blink (safe; 1% risk of failure)
Confirm with . or Enter, or press ? or * to list all spells.
You blink.
The troll burns!
You kill the troll!
Vehumet accepts your kill. The orc hits you.
You die...

.# #.#.##)# .#
#.#.##.##### .#
#<#.##.....# .#
#.#.##.###§# .#
#.########†#
.######.##8...8#§#
......#.##..).o#o#
......#.##.[>÷OOo#
......#.##...O[#@#
......#.##8...8#.#
....###.########.#
..### #.########.#
..# #..........#
..# ########)###
>.# #.# ### #(#
#.#


You could see an orc warlord, 2 ogres and 2 orcs.

Vanquished Creatures
  A dire elephant (Lair:6)
  Snorg (Lair:3)
  5 hydras
  3 two-headed ogres (D:9)
  4 death yaks (Lair:4)
  Urug (Lair:5)
  A sixfirhy (Lair:6)
  A wizard (Lair:6)
  2 orc knights
  A necromancer (IceCv)
  An orc sorcerer (Orc:1)
  7 oklob plants
  3 elephants (Lair:4)
  A smoke demon (Lair:6)
  7 black mambas
  9 spiny frogs
  2 merfolk sirens (Lair:4)
  3 orange demons (Lair:6)
  2 ice statues (IceCv)
  7 ice devils
  6 komodo dragons
  4 rime drakes
  A red devil (Lair:6)
  3 polar bears
  A hornet (Lair:4)
  2 trolls (D:9)
  2 merfolk (Lair:4)
  6 blink frogs
  10 hippogriffs
  A spriggan (Lair:3)
  2 wyverns
  13 yaks
  2 basilisks
  4 nagas (Lair:2)
  3 wargs (Orc:1)
  4 hell hounds (Lair:6)
  11 water moccasins
  6 porcupines
  20 orc warriors
  3 black bears
  2 phantoms
  3 ice beasts
  9 ogres
  6 wolves
  6 centaurs
  13 crocodiles
  7 big kobolds
  9 bullfrogs
  2 gnoll sergeants (D:9)
  4 scorpions
  9 killer bees (D:9)
  A howler monkey (D:6)
  3 crimson imps (D:8)
  A jelly (D:9)
  2 bullfrog zombies
  3 draconian simulacra (IceCv)
  6 orc priests
  5 hounds
  2 centaur skeletons
  10 orc wizards
  Ijyb (D:3)
  7 iguanas
  6 worker ants
  2 hell rats (Lair:6)
  A troll simulacrum (IceCv)
  A spriggan simulacrum (IceCv)
  A centaur simulacrum (IceCv)
  A hound zombie (D:5)
  A hound skeleton (D:8)
  A worker ant zombie (D:5)
  Robin (D:3)
  14 adders
  5 gnolls
  2 naga simulacra (IceCv)
  2 ogre simulacra (IceCv)
  10 river rats (Lair:6)
  5 shadow imps
  An ooze (D:1)
  An adder skeleton (D:9)
  3 worms (D:3)
  3 dart slugs
  5 leopard geckos
  74 orcs
  A ball python (D:1)
  7 bats
  4 giant cockroaches
  20 goblins
  10 hobgoblins
  3 jackals (D:7)
  3 quokkas
  7 frilled lizards
  A jackal skeleton (D:5)
  12 kobolds
  A leopard gecko skeleton (D:2)
  A quokka skeleton (D:4)
  4 rats
  A butterfly (Lair:6)
  2 plants (Lair:2)
494 creatures vanquished.

Vanquished Creatures (others)
  5 fungi
  A plant (Lair:6)
  2 withered plants (Lair:3)
8 creatures vanquished.

Grand Total: 502 creatures vanquished

Notes
Turn   | Place    | Note
-------+----------+-------------------------------------------
     0 | D:1      | nikopol the Deep Elf Fire Elementalist began the quest for
                  | the Orb.
     0 | D:1      | Reached XP level 1. HP: 10/10 MP: 6/6
   209 | D:1      | Reached XP level 2. HP: 15/15 MP: 6/8
   384 | D:1      | You fall through a shaft!
   531 | D:1      | Reached XP level 3. HP: 19/19 MP: 1/10
  1038 | D:2      | Learned a level 2 spell: Throw Flame
  1042 | D:2      | Learned a level 3 spell: Conjure Flame
  1126 | D:2      | Found a bloodstained altar of Trog.
  1162 | D:2      | Reached XP level 4. HP: 23/24 MP: 0/11
  1353 | D:2      | Reached skill level 4 in Spellcasting
  1810 | D:2      | Found an opulent altar of Gozag.
  1816 | D:2      | Found a basalt altar of Yredelemnul.
  2055 | D:3      | Noticed Ijyb
  2077 | D:3      | Killed Ijyb
  2250 | D:3      | Reached XP level 5. HP: 28/28 MP: 3/14
  2256 | D:3      | Learned a level 4 spell: Sticky Flame
  2415 | D:3      | Reached skill level 5 in Spellcasting
  2432 | D:3      | Found a stormy altar of Qazlal.
  2659 | D:3      | Found a shimmering altar of Xom.
  2871 | D:3      | Noticed Robin
  3142 | D:3      | Killed Robin
  3728 | D:4      | Got a brightly glowing chain mail
  3739 | D:4      | Identified the +6 chain mail of the Butterfly {SInv} (You
                  | found it on level 4 of the Dungeon)
  3827 | D:4      | Reached skill level 5 in Fire Magic
  3827 | D:4      | Reached XP level 6. HP: 27/32 MP: 16/16
  4283 | D:4      | Reached skill level 1 in Shields
  4283 | D:4      | Reached skill level 6 in Spellcasting
  4615 | D:4      | Reached XP level 7. HP: 33/36 MP: 10/18
  5042 | D:5      | Entered Level 5 of the Dungeon
  5335 | D:5      | Learned a level 5 spell: Fireball
  5394 | D:5      | Found a staircase to the Ecumenical Temple.
  5465 | Temple   | Entered the Ecumenical Temple
  5501 | Temple   | Became a worshipper of Vehumet
  5538 | D:5      | Found a hazy altar of Hepliaklqana.
  5609 | D:5      | Reached skill level 7 in Spellcasting
  6398 | D:6      | Reached XP level 8. HP: 11/42 MP: 21/21
  6855 | D:6      | Found Naip's Book Shoppe.
  6858 | D:6      | Bought a book of Minor Magic for 240 gold pieces
  6861 | D:6      | Learned a level 2 spell: Blink
  7399 | D:7      | Reached skill level 8 in Spellcasting
  7484 | D:7      | Noticed a hippogriff
  7503 | D:7      | Killed a hippogriff
  7503 | D:7      | Reached skill level 5 in Conjurations
  7885 | D:7      | Reached * piety under Vehumet
  7885 | D:7      | Offered knowledge of Freeze by Vehumet.
  7959 | D:7      | Found a flagged portal.
  7988 | Bailey   | Entered a bailey
  8100 | Bailey   | Reached skill level 9 in Spellcasting
  8112 | Bailey   | Reached XP level 9. HP: 46/46 MP: 4/24
  8325 | Bailey   | Offered knowledge of Searing Ray by Vehumet.
  8325 | Bailey   | Reached ** piety under Vehumet
  8547 | Bailey   | Noticed an orc knight
  8570 | Bailey   | Killed an orc knight
  8570 | Bailey   | Reached skill level 10 in Spellcasting
  8852 | Bailey   | Noticed an orc knight
  8852 | Bailey   | Noticed an orc knight
  9428 | D:7      | Found a snail-covered altar of Cheibriados.
  9442 | D:7      | Reached skill level 1 in Translocations
  9930 | D:8      | Reached skill level 1 in Fighting
  9999 | D:8      | Found Ehet's General Store.
 10339 | D:8      | Reached XP level 10. HP: 52/52 MP: 26/26
 10485 | D:8      | Reached skill level 5 in Dodging
 10579 | D:8      | Offered knowledge of Throw Frost by Vehumet.
 10959 | D:9      | Found a staircase to the Orcish Mines.
 10968 | D:9      | Reached *** piety under Vehumet
 10972 | D:9      | Reached skill level 11 in Spellcasting
 11286 | D:9      | Noticed a two-headed ogre
 11296 | D:9      | Offered knowledge of Airstrike by Vehumet.
 11303 | D:9      | Killed a two-headed ogre
 11507 | D:9      | Reached skill level 12 in Spellcasting
 11575 | D:9      | Found an ancient bone altar of Kikubaaqudgha.
 11774 | D:9      | Found a blossoming altar of Fedhas.
 11785 | D:9      | Noticed an oklob plant
 11796 | D:9      | Upgraded the game from 0.23-a0-635-g88ca12a to
                  | 0.23-a0-636-g0ff6057
 11850 | D:9      | Noticed a two-headed ogre
 11856 | D:9      | Killed a two-headed ogre
 11856 | D:9      | Reached XP level 11. HP: 56/56 MP: 28/29
 11865 | D:9      | Noticed a two-headed ogre
 11874 | D:9      | Killed a two-headed ogre
 12002 | D:9      | Identified the Papyrus of Flames
 12009 | D:9      | Learned a level 4 spell: Airstrike
 12015 | D:9      | Learned a level 5 spell: Bolt of Magma
 12120 | D:10     | Entered Level 10 of the Dungeon
 12447 | D:10     | Reached **** piety under Vehumet
 12645 | D:10     | Reached skill level 10 in Fire Magic
 12859 | D:10     | Found a staircase to the Lair.
 12935 | Lair:1   | Entered Level 1 of the Lair of Beasts
 13015 | Lair:1   | Offered knowledge of Iskenderun's Mystic Blast by Vehumet.
 13212 | Lair:1   | Reached skill level 13 in Spellcasting
 13261 | Lair:1   | Noticed a four-headed hydra
 13269 | Lair:1   | Killed a four-headed hydra
 13850 | Lair:1   | Reached skill level 10 in Conjurations
 14333 | Lair:2   | Found a staircase to the Snake Pit.
 14694 | Lair:2   | Reached skill level 1 in Earth Magic
 14752 | Lair:2   | Reached skill level 14 in Spellcasting
 14752 | Lair:2   | Reached XP level 12. HP: 61/61 MP: 28/32
 14835 | Lair:2   | Reached ***** piety under Vehumet
 15119 | Lair:3   | Noticed Snorg
 15155 | Lair:3   | Killed Snorg
 15443 | Lair:3   | Offered knowledge of Lightning Bolt by Vehumet.
 15727 | Lair:3   | Found a runed door.
 15728 | Lair:3   | Noticed Kufareon's ghost (journeyman OpFi)
 15934 | Lair:4   | Found a sparkling altar of Nemelex Xobeh.
 16264 | Lair:4   | You fall through a shaft for 2 floors!
 16264 | Lair:6   | Entered Level 6 of the Lair of Beasts
 16295 | Lair:6   | Found a frozen archway.
 16305 | IceCv    | Entered an ice cave
 16676 | IceCv    | Reached skill level 15 in Spellcasting
 16782 | IceCv    | Got a slimy plate armour
 17046 | Lair:5   | Noticed Urug
 17050 | Lair:5   | Killed Urug
 17298 | Lair:4   | Found a staircase to the Shoals.
 17499 | Lair:4   | Reached XP level 13. HP: 51/65 MP: 34/34
 18257 | Lair:5   | Reached skill level 16 in Spellcasting
 19169 | Lair:6   | Reached skill level 5 in Stealth
 19360 | Lair:6   | Noticed a dire elephant
 19377 | Lair:6   | Killed a dire elephant
 19377 | Lair:6   | Offered knowledge of Conjure Ball Lightning by Vehumet.
 19983 | Lair:6   | Found a staircase to the Slime Pits.
 20180 | Lair:6   | Found a burning altar of Makhleb.
 20196 | Lair:6   | Reached skill level 17 in Spellcasting
 20486 | Lair:6   | Reached XP level 14. HP: 71/71 MP: 37/37
 20590 | Lair:6   | Found a gateway to Hell.
 20861 | Orc:1    | Entered Level 1 of the Orcish Mines
 21088 | Orc:1    | Noticed an orc warlord
 21262 | D:9      | HP: 1/71 [cloud of flame (18)]
 21263 | D:9      | Slain by an orc

Vault maps used:
D:1:      enne_arrival_octagon_isle
D:2:      amethyst_overflow_temple_binary, trog_hazing_becter
D:3:      lemuel_doored_altar, first_ration, led_xom_imps, uniq_robin, uniq_ijyb
D:4:      hex_large
D:5:      old_standard_altar, temple_pool_b, grunt_ministairs_11,
          minmay_pentangle
D:6:      serial_shops, shop, minmay_stone_trees_small
D:7:      lemuel_crystal_altar, enter_bailey_3, minivault_22
D:8:      serial_shops, shop, blue_anna_alchemist, minmay_misc_feat_five
D:9:      tgw_fedhas, kennysheep_orc_monster_closet_entryway, basic_altar
D:10:     grunt_lair_entry_orc_guard_hut
Temple:   compressed_dpeg_circular_temple
Lair:2:   guppyfry_snake_entry_island, lemuel_fruit_fields,
          minmay_lair_oklob_chamber, lemuel_fruit_tree, lemuel_fruit_fields
Lair:3:   gammafunk_ghost_grave, grunt_forest_stairs_clearing, uniq_snorg
Lair:4:   elwin_shoals_entry_stream, basic_altar, grunt_megastairs_5
Lair:5:   infiniplex_staircase_pool, uniq_urug
Lair:6:   evil_forest, minmay_slime_entry_oklob_enclosed,
          portal_ice_cave_entry_pillars_1, kennysheep_rathole,
          lemuel_fruit_fields
Bailey:   bailey_polearm_5, bailey
IceCv:    ice_cave_tombish

Skill      XL: |  1  2  3  4  5  6  7  8  9 10 11 12 13 14 |
---------------+-------------------------------------------+-----
Conjurations   | 2 3 4 5 7 8 10 12 13 | 13.4
Fire Magic     | 4 5 6 7 8 9 11 12 13 14 | 14.0
Spellcasting   | 4 5 6 7 9 10 12 14 15 17 | 17.2
Dodging        | 3 4 5 6 |  6.9
Stealth        | 3 4 5 |  5.1
Shields        | 1 2 3 4 |  4.9
Translocations | 1 2 |  2.2
Fighting       | 1 |  1.9
Earth Magic    | 1 2 3 |  3.0

Action                   |  1- 3 |  4- 6 |  7- 9 | 10-12 | 13-15 || total
-------------------------+-------+-------+-------+-------+-------++-------
Melee: Unarmed           |       |     1 |     7 |       |       ||     8
       Dagger            |       |       |       |    43 |       ||    43
       Staff             |       |       |       |       |     3 ||     3
 Cast: Flame Tongue      |    78 |   144 |   199 |   266 |   150 ||   837
       Throw Flame       |       |    20 |    12 |    26 |    12 ||    70
       Conjure Flame     |       |     2 |    11 |     9 |     4 ||    26
       Sticky Flame      |       |     3 |    27 |    65 |    41 ||   136
       Fireball          |       |       |    14 |    80 |    42 ||   136
       Blink             |       |       |     1 |     4 |     4 ||     9
       Bolt of Magma     |       |       |       |    20 |    55 ||    75
  Use: Scroll            |     4 |     2 |     2 |     5 |     2 ||    15
       Potion            |       |     1 |       |       |       ||     1
 Stab: Distracted        |       |       |       |     1 |       ||     1
  Eat: Chunk             |       |    11 |    22 |    21 |     8 ||    62
       Ration            |       |       |       |     2 |     1 ||     3
Armor: Robe              |    12 |    49 |    50 |    34 |    21 ||   166
Dodge: Dodged            |    23 |    68 |    81 |    75 |    85 ||   332
Block: Buckler           |       |     2 |    26 |    38 |    32 ||    98

Table legend:
 A = Non-vault XP
 B = Vault XP
 C = Vault XP percentage of total XP
 D = Non-vault monster count
 E = Vault monster count
 F = Vault count percentage of total count
                 A         B        C        D         E       F
            +---------+---------+-------+---------+---------+-------
      Total |   41263 |   26880 |  39.4 |     314 |     177 |  36.0
            +---------+---------+-------+---------+---------+-------
        D:1 |      60 |       0 |   0.0 |      30 |       0 |   0.0
        D:2 |      75 |      12 |  13.8 |      21 |       6 |  22.2
        D:3 |     115 |      69 |  37.5 |      20 |      11 |  35.5
        D:4 |     480 |       0 |   0.0 |      18 |       0 |   0.0
        D:5 |     291 |     272 |  48.3 |       7 |      13 |  65.0
        D:6 |     289 |       0 |   0.0 |       6 |       0 |   0.0
        D:7 |    1339 |       8 |   0.6 |      25 |       4 |  13.8
        D:8 |    1048 |     100 |   8.7 |      18 |       1 |   5.3
        D:9 |    6221 |    1618 |  20.6 |      43 |      20 |  31.7
       D:10 |     766 |     601 |  44.0 |      11 |       5 |  31.2
     Lair:1 |    3526 |       0 |   0.0 |      17 |       0 |   0.0
     Lair:2 |    4815 |    1180 |  19.7 |      17 |       5 |  22.7
     Lair:3 |    2769 |    2220 |  44.5 |      10 |       7 |  41.2
     Lair:4 |    8380 |    1668 |  16.6 |      19 |       5 |  20.8
     Lair:5 |    4235 |     851 |  16.7 |      13 |       1 |   7.1
     Lair:6 |    5347 |   12778 |  70.5 |      19 |      43 |  69.4
      Orc:1 |    1507 |       0 |   0.0 |      20 |       0 |   0.0
     Bailey |       0 |    2019 | 100.0 |       0 |      38 | 100.0
      IceCv |       0 |    3484 | 100.0 |       0 |      18 | 100.0
            +---------+---------+-------+---------+---------+-------
